 Dungeon Crawl Stone Soup version 0.18.1-47-g9310371 (webtiles) character file.

216 OrDronus the Bolt Thrower (level 6, -2/34 HPs)
             Began as a Kobold Arcane Marksman on June 14, 2016.
             Was an Initiate of Dithmenos.
             Slain by an orc
             ... wielding a +0 mace
              (3 damage)
             ... on level 4 of the Dungeon.
             The game lasted 00:26:31 (3484 turns).

OrDronus the Bolt Thrower (Kobold Arcane Marksman)  Turns: 3484, Time: 00:26:32

Health: -2/34      AC:  4    Str:  6 (9)  XL:     6   Next: 16%
Magic:  7/7        EV: 16    Int:  8 (11) God:    Dithmenos [......]
Gold:   160        SH:  0    Dex: 17 (18) Spells: 1 memorised, 6 levels left

rFire  . . .     SeeInvis .     a - +0 rapier
rCold  . . .     Gourm    .     v - +0 leather armour
rNeg   . . .     Faith    .     (shield restricted)
rPois  .         Spirit   .     (no helmet)
rElec  .         Dismiss  .     (no cloak)
rCorr  .         Reflect  .     t - +0 pair of gloves
SustAt .         Harm     .     (no boots)
MR     .....                    (no amulet)
Stlth  ++........               (no ring)
                                (no ring)

@: not resistant to hostile enchantments, unstealthy
A: carnivore 3
a: Renounce Religion


You were on level 4 of the Dungeon.
You worshipped Dithmenos.
Dithmenos was noncommittal.
You were very full.

You visited 1 branch of the dungeon, and saw 4 of its levels.

You collected 160 gold pieces.

Inventory:

Hand Weapons
 a - a +0 rapier (weapon)
 b - a +0 hand crossbow
 s - a +1 dagger of draining
 w - a +0 short sword
Missiles
 d - 93 bolts
Armour
 t - a +0 pair of gloves (worn)
 v - a +0 leather armour (worn)
 x - a +0 robe
 B - an ice dragon hide
Jewellery
 h - a +3 ring of protection {unknown}
 j - a +2 ring of slaying {unknown}
 n - a +2 ring of protection {unknown}
 z - a cursed ring of teleportation {unknown}
Scrolls
 g - a scroll of immolation {unknown}
 i - 2 scrolls of recharging {unknown}
 k - 4 scrolls of random uselessness {unknown}
 m - 2 scrolls of noise {unknown}
 o - 2 scrolls of enchant armour {unknown}
 r - a scroll of fear {unknown}
 u - a scroll of fog {unknown}
 y - a scroll of identify {unknown}
 C - a scroll of blinking {unknown}
 D - a scroll of teleportation {unknown}
 E - a scroll of amnesia {unknown}
Potions
 e - 2 potions of curing
Books
 c - a book of Debilitation

   Spells                             Type                      Level
   a - Corona                         Hexes                        1
   b - Slow                           Hexes                        2
   c - Gell's Gravitas                Hexes/Translocation          3
   d - Inner Flame                    Hexes/Fire                   3
   e - Cause Fear                     Hexes                        4
   f - Leda's Liquefaction            Hexes/Earth                  4
Comestibles
 f - 3 meat rations
 p - a beef jerky


   Skills:
 + Level 1.3 Fighting
 + Level 1.0 Short Blades
 + Level 5.0 Crossbows
 + Level 0.1 Armour
 + Level 4.1 Dodging
 + Level 1.5 Stealth
 + Level 1.0 Spellcasting
 + Level 3.9 Hexes


You had 6 spell levels left.
You knew the following spells:

 Your Spells              Type           Power        Failure   Level  Hunger
a - Corona                Hex            #......      14%         1    ##.....


Dungeon Overview and Level Annotations

Branches:
Dungeon (4/15)
 Temple: D:4-7

Altars:
Ashenzari
Dithmenos
Elyvilon
Fedhas
Makhleb
Pakellas


Innate Abilities, Weirdness & Mutations

You are small and have problems with some larger weapons.
You are carnivorous and can eat meat at any time.


Message History

Drink which item? (? for menu, Esc to quit)
It was a potion of cure mutation.
It has a very clean taste.
The orc closely misses you.
Drink which item? (? for menu, Esc to quit)
It was a potion of magic.
Magic courses through your body. The orc closely misses you. x2
Drink which item? (? for menu, Esc to quit)
It was a potion of degeneration.
There was something very wrong with that liquid.
You feel weakened.
You feel dopey.
You feel clumsy. The orc hits you with a mace.
* * * LOW HITPOINT WARNING * * *
The orc closely misses you.
Drink which item? (? for menu, Esc to quit)
It was a potion of curing.
You feel better. The orc completely misses you.
The orc priest invokes the aid of Beogh against you.
Beogh smites you!
* * * LOW HITPOINT WARNING * * *
The orc hits you with a mace.
You die...

#.#.# #.#
#.#.# #.#
#...# #.#
###.###.##
#......#
#.###..#####
#.##.#.....#
#.###.>###o#
#.# ##.ooo@#
#.# #.o####
#.# #..## #.
#...########
#.#.........
#....#.##.##
###.o.......
#...........
#.#..##..#..#


You could see an orc priest and 4 orcs.

Vanquished Creatures
  The ghost of Renko1984 the Covered, a weakling TeFi (D:3)
  A hound (D:4)
  Jessica (D:3)
  3 adders
  A gnoll (D:1)
  2 oozes (D:1)
  2 worms
  A dart slug (D:1)
  An orc (D:3)
  3 giant cockroaches
  10 goblins
  6 hobgoblins
  7 jackals
  13 kobolds
  4 quokkas
  4 bats
  3 giant newts
  3 rats
66 creatures vanquished.

Notes
Turn   | Place    | Note
--------------------------------------------------------------
     0 | D:1      | OrDronus the Kobold Arcane Marksman began the quest for the Orb.
     0 | D:1      | Reached XP level 1. HP: 12/12 MP: 2/2
    56 | D:1      | Reached XP level 2. HP: 16/16 MP: 3/3
   261 | D:1      | Reached XP level 3. HP: 20/20 MP: 4/4
   484 | D:1      | Reached skill level 3 in Crossbows
   766 | D:1      | Reached XP level 4. HP: 25/25 MP: 5/5
  1276 | D:2      | Reached skill level 1 in Stealth
  1634 | D:3      | Found a shattered altar of Ashenzari.
  1690 | D:3      | Reached skill level 4 in Crossbows
  1893 | D:3      | Noticed Renko1984's ghost (weakling TeFi)
  1903 | D:3      | HP: 1/25 [Renko1984's ghost (9)]
  2219 | D:3      | Reached XP level 5. HP: 29/29 MP: 6/6
  2444 | D:3      | Killed Renko1984's ghost
  2672 | D:3      | Found a shadowy altar of Dithmenos.
  2674 | D:3      | Found a burning altar of Makhleb.
  2674 | D:3      | Found an oddly glowing altar of Pakellas.
  2674 | D:3      | Found a blossoming altar of Fedhas.
  2675 | D:3      | Found a white marble altar of Elyvilon.
  2802 | D:3      | Became a worshipper of Dithmenos the Shadowed
  2815 | D:3      | Noticed Jessica
  2821 | D:3      | Killed Jessica
  3065 | D:4      | Reached skill level 1 in Short Blades
  3065 | D:4      | Reached XP level 6. HP: 10/34 MP: 7/7
  3400 | D:4      | Reached skill level 5 in Crossbows
  3484 | D:4      | HP: 1/34 [orc priest/divine providence (12)]
  3484 | D:4      | Slain by an orc

Skill      XL: |  1  2  3  4  5  6 |
---------------+-------------------+-----
Crossbows      | 3 4 5 |  5.0
Stealth        | 1 |  1.5
Dodging        | 3 4 |  4.1
Short Blades   | 1 |  1.0
Fighting       | |  1.3
Armour         | |  0.1
Spellcasting   | |  1.0
Hexes          | |  3.9

Action                   |  1- 3 |  4- 6 || total
-------------------------+-------+-------++-------
Melee: Dagger            |       |   149 ||   149
       Rapier            |       |    12 ||    12
 Fire: Hand crossbow     |    34 |    68 ||   102
 Cast: Corona            |       |     1 ||     1
  Use: Potion            |       |     5 ||     5
  Eat: Chunk             |     8 |     8 ||    16
Armor: Robe              |     1 |    20 ||    21
       Leather armour    |       |     7 ||     7
Dodge: Dodged            |     7 |   174 ||   181
